 Dungeon Crawl Stone Soup version 0.30-a0-1082-g70414cbcbb (webtiles) character file.

Game seed: 13757988802246896687

3 holysushi the Trooper (level 1, 0/18 HPs)
             Began as a Demonspawn Monk on Apr 16, 2023.
             Slain by a quokka (3 damage)
             ... on level 1 of the Dungeon.
             The game lasted 00:01:04 (164 turns).

holysushi the Trooper (Demonspawn Monk)              Turns: 164, Time: 00:01:05

Health: 0/18       AC:  2    Str: 11    XL:     1   Next: 41%
Magic:  1/1        EV: 13    Int: 11    God:
Gold:   0          SH:  0    Dex: 15    Spells: 0/0 levels left

rFire   . . .      SeeInvis .    a - +0 short sword
rCold   . . .      Faith    .    (no shield)
rNeg    . . .      Spirit   .    b - +0 robe
rPois   .          Reflect  .    (no helmet)
rElec   .          Rampage  .    (no cloak)
rCorr   .                        (no gloves)
Will    .....                    (no boots)
Stlth   +                        (no amulet)
HPRegen 0.23/turn                (no ring)
MPRegen 0.07/turn                (no ring)

@: no status effects
A: no striking features
a: no special abilities


You were on level 1 of the Dungeon.
You visited 1 branch of the dungeon, and saw 1 of its levels.

Inventory:

Hand Weapons
 a - a +0 short sword (weapon)
Armour
 b - a +0 robe (worn)
 d - an orb of light


   Skills:
 + Level 3.0 Fighting
 + Level 2.7 Short Blades
 + Level 2.7 Dodging


You couldn't memorise any spells.
You didn't know any spells.
Your spell library was empty.

Dungeon Overview and Level Annotations

Branches:
Dungeon (1/15) Zot: 5838

Altars:


Message History

The ball python is moderately wounded.
The goblin hits you with a +0 dagger. The ball python bites you.
The ball python completely misses you.
You hit the goblin.
The goblin is moderately wounded.
The goblin barely misses you. The ball python bites you.
The ball python grabs you. The ball python constricts you.
* * * LOW HITPOINT WARNING * * *
You are too injured to fight recklessly!
You hit the goblin but do no damage.
The goblin is moderately wounded.
The ball python bites you.
* * * LOW HITPOINT WARNING * * *
The ball python constricts you.
* * * LOW HITPOINT WARNING * * *
The goblin barely misses you.
You are too injured to fight recklessly!
You aren't carrying any potions.
Unknown command.
You escape the ball python's grasp.
You aren't carrying any items that you can evoke.
Unknown command.
You aren't carrying any scrolls.
Unknown command.
You barely miss the goblin.
The goblin is moderately wounded.
The goblin barely misses you.
You hit the goblin. Your punch misses the goblin.
The goblin is severely wounded.
The goblin hits you with a +0 dagger.
* * * LOW HITPOINT WARNING * * *
You hit the goblin.
You kill the goblin!
You hit the quokka.
The quokka is moderately wounded.
The quokka closely misses you.
You miss the quokka.
The quokka is moderately wounded.
The quokka bites you.
You die...

.) .). .. .. #.##.#
#.... #...
#..####.8.
#.S.......
##r#####..
(..######@......♣.
#........##.##...
.##.#####.....##...
.........>.#.....8.
.....###.......#...
.##..###...........
.........#.##.#...
.##.###.##..#.#
#.###.#.#


You could see a quokka and a ball python.

Vanquished Creatures
  A ball python (D:1)
  A goblin (D:1)
  A frilled lizard (D:1)
3 creatures vanquished.

Notes
Turn   | Place    | Note
-------+----------+-------------------------------------------
     0 | D:1      | holysushi the Demonspawn Monk began the quest for the Orb.
     0 | D:1      | Reached XP level 1. HP: 18/18 MP: 1/1
   164 | D:1      | Slain by a quokka

Illustrated notes

Levels and vault maps discovered:
D:1:      sevenhm_arrival_forest_fort_large_2, layout_loops_cross,
          hellmonk_ecumenical_altar_arch_garden

Action                     || total
---------------------------++-------
  Melee: Short sword       ||    26
    Use: Potion            ||     1
 Armour: Robe              ||     3
  Dodge: Dodged            ||    27

Table legend: (Time is in decaauts)
 A = Elapsed time spent in this place.
 B = Non-inter-level travel time spent in this place.
 C = Inter-level travel time spent in this place.
 D = Time resting spent in this place.
 E = Time spent auto-exploring this place.
 F = Levels seen in this place.
 G = Mean time per level.
                   A        B        C        D        E       F      G
               +--------+--------+--------+--------+--------+-----+--------+
         Total |    160 |    160 |      0 |     11 |     83 |   1 |  160.0 |
       Dungeon |    160 |    160 |      0 |     11 |     83 |   1 |  160.0 |
               +--------+--------+--------+--------+--------+-----+--------+

Top non-repeatable levels by time:
     D:1: 160 daAuts
